cohdb
Replays
Latest Replays
All Replays
Popular Replays
Top Player Replays
Match Explorer
How It Works
Community
CoH3 Stats
Reddit
Sign in to upload your games and track your stats! →
Sign in with Steam
Match 42508444
Unlisted
Match 42508444
Overview
Messages
Build Orders
End
Scout Squad
Construct Barracks
Selects Special Operations Battlegroup
Selects M29 Weasel Recon Vehicle
M29 Weasel Recon Vehicle
Riflemen Squad
Riflemen Squad
Grenade Package
Riflemen Squad
Infantry Support Center
Construct Motor Pool
M1 Anti-tank Gun Team
M8 Greyhound Armored Car
Construct Medical Station
Engineer Squad
M24 Chaffee Light Tank
Selects P-47 Anti-Infantry Loiter
M1918 Browning Automatic Rifles
Riflemen Squad
M24 Chaffee Light Tank
M24 Chaffee Light Tank
Advanced Logistics
Riflemen Squad
P-47 Anti-Infantry Loiter
Selects M4A1 Sherman Whizbang
Selects Smoke Screen
Selects SSF Commando Squad
M4A1 Sherman Whizbang
Riflemen Squad
M24 Chaffee Light Tank
Selects Air Re-supply Operation
Air Re-Supply Operation
Munitions Surplus
Demolitions Package
Survival Training
barti06
Nubbl0r
0
0
Comments
sign in to comment!
No comments posted yet!